 Dungeon Crawl Stone Soup version 0.26.0-16-gc1dbca0489 (webtiles) character file.

Game seed: 6605209837417453310

109 thiole the Sneak (level 4, -1/27 HPs)
             Began as an Octopode Hedge Wizard on Jan 22, 2021.
             Slain by a gnoll
             ... wielding a +0 spear
              (2 damage)
             ... on level 3 of the Dungeon.
             The game lasted 00:03:56 (2055 turns).

thiole the Sneak (Octopode Hedge Wizard)            Turns: 2055, Time: 00:03:57

Health: -1/27      AC:  2    Str:  9    XL:     4   Next: 89%
Magic:  7/9        EV: 13    Int: 17    God:
Gold:   102        SH:  5    Dex: 11    Spells: 9/10 levels left

rFire    . . .     SeeInvis .   a - +0 dagger
rCold    . . .     Faith    .   (no shield)
rNeg     . . .     Spirit   .   b - +1 hat
rPois    .         Reflect  +   d - amulet of reflection
rElec    .         Harm     .   (no ring)
rCorr    .         Rampage  .   (no ring)
Will     .....                  (no ring)
Stlth    +++.......             (no ring)
HPRegen  0.09/turn              (no ring)
MPRegen  0.11/turn              (no ring)
                                (no ring)
                                (no ring)

@: no status effects
A: almost no armour, stealthy swim, amphibious, 8 rings, constrict 8, camouflage
1, gelatinous body 1
a: no special abilities


You were on level 3 of the Dungeon.
You visited 1 branch of the dungeon, and saw 3 of its levels.

You collected 102 gold pieces.

Inventory:

Hand Weapons
 a - a +0 dagger (weapon)
 m - a +1 dagger of pain
Armour
 b - a +1 hat (worn)
Jewellery
 d - an amulet of reflection (around mantle)
Scrolls
 f - a scroll of identify
 i - a scroll of fear {unknown}
 l - a scroll of fog {unknown}
Potions
 c - a potion of curing {unknown}
 e - a potion of might {unknown}
 g - a potion of ambrosia {unknown}
 h - a potion of brilliance {unknown}
 j - a potion of attraction {unknown}
 k - a potion of heal wounds {unknown}


   Skills:
 - Level 2.0 Dodging
 + Level 4.3 Stealth
 + Level 3.9 Spellcasting
 - Level 2.0 Conjurations
 - Level 2.0 Summonings
 - Level 1.0 Translocations


You had 9 spell levels left.
You knew the following spells:

 Your Spells              Type           Power        Failure   Level
a - Magic Dart            Conj           40%          7%          1

Your spell library contained the following spells:

 Spells                   Type           Power        Failure   Level
 Call Imp                 Summ           10%          11%         2
 Blink                    Tloc           N/A          16%         2
 Slow                     Hex            3%           24%         2
 Conjure Flame            Conj/Fire      6%           32%         3
 Mephitic Cloud           Conj/Pois/Air  5%           36%         3


Dungeon Overview and Level Annotations

Branches:
Dungeon (3/15)

Altars:
Okawaru
Xom

Annotations:
D:3 Sigmund


Innate Abilities, Weirdness & Mutations

You cannot wear most types of armour.
You are very stealthy in the water. (Stealth+)
You are amphibious.
You can wear up to eight rings at the same time.
You can use your tentacles to constrict eight enemies at once.
Your skin changes colour to match your surroundings (Stealth+).
Your rubbery body absorbs attacks. (AC +1, EV +1)


Message History

You hit the quokka.
You kill the quokka!
You barely miss the gnoll. You grab the gnoll. You squeeze the gnoll.
The gnoll is severely wounded.
You constrict the gnoll. The gnoll hits you with a +0 flail!
You hit the gnoll.
The gnoll is almost dead.
You constrict the gnoll, but do no damage.
The gnoll closely misses you.
You hit the gnoll but do no damage. Your squeeze misses the gnoll.
The gnoll is almost dead.
You constrict the gnoll.
You kill the gnoll!
The gnoll hits you from afar with a +0 spear.
The gnoll hits you with a +0 spear!
* * * LOW HITPOINT WARNING * * *
You see here a +0 flail.
You hit the gnoll but do no damage. You grab the gnoll.
You constrict the gnoll. The gnoll hits you with a +0 spear.
You die...

##########
##........#
#.......#.##
#.@.(.#############
#
##g###..............
#. #..
#.####.########
#..##..###.###...##
#
#..........##.....#
#
#.###.#.######...##
# #.......# ##.##
##.....## #.#
#.###.# #.# ####


You could see a gnoll.

Vanquished Creatures
  A water moccasin skeleton (D:3)
  2 gnolls (D:3)
  An adder (D:2)
  3 bats
  A giant cockroach (D:2)
  9 goblins
  4 hobgoblins (D:1)
  A quokka (D:3)
  3 frilled lizards (D:1)
  2 kobolds
  5 rats
32 creatures vanquished.

Notes
Turn   | Place    | Note
-------+----------+-------------------------------------------
     0 | D:1      | thiole the Octopode Hedge Wizard began the quest for the
                  | Orb.
     0 | D:1      | Reached XP level 1. HP: 11/11 MP: 4/4
   401 | D:1      | Reached XP level 2. HP: 15/17 MP: 4/6
   566 | D:1      | Reached skill level 3 in Stealth
  1308 | D:2      | Reached XP level 3. HP: 18/21 MP: 3/7
  1623 | D:2      | You fall into a shaft and drop 1 floor!
  1635 | D:3      | Noticed Sigmund
  1679 | D:3      | Found a shimmering altar of Xom.
  1772 | D:3      | Reached skill level 4 in Stealth
  1772 | D:3      | Reached XP level 4. HP: 11/27 MP: 7/9
  1980 | D:3      | Found an iron altar of Okawaru.
  2054 | D:3      | HP: 1/27 [gnoll/+0 spear (10)]
  2055 | D:3      | Slain by a gnoll

Illustrated notes

Levels and vault maps discovered:
D:1:      minmay_arrival_wavy_path, layout_loops_ring
D:2:      layout_loops_corners, old_standard_altar
D:3:      layout_loops_corners, old_standard_altar, vehumet_crystals,
          okawaru_trees_1, uniq_crazy_yiuf_cottage, uniq_sigmund

Skill      XL: |  1  2  3 |
---------------+----------+-----
Stealth        | 3 4 |  4.3
Summonings     | 2 |  2.0
Conjurations   | 2 |  2.0
Dodging        | |  2.0
Spellcasting   | |  3.9
Translocations | |  1.0

Action                   |  1- 3 |  4- 6 || total
-------------------------+-------+-------++-------
Melee: Dagger            |    28 |    11 ||    39
       Constrict         |     7 |     3 ||    10
       Tentacles         |     4 |     3 ||     7
 Cast: Magic Dart        |    46 |     8 ||    54
  Use: Scroll            |     3 |       ||     3
 Stab: Sleeping          |     1 |       ||     1
Armor: Skin              |     2 |       ||     2
Dodge: Dodged            |    13 |     7 ||    20
Block: Other             |     5 |     1 ||     6
       Reflection        |       |     1 ||     1
